 Dungeon Crawl Stone Soup version 0.18-a0-1805-g8ab820f (webtiles) character file.

10607 Moloch the Arsonist (level 11, -10/61 HPs)
             Began as an Octopode Wizard on Apr 26, 2016.
             Was an Elder of Vehumet.
             Mangled by a yak (15 damage)
             ... on level 1 of the Lair of Beasts.
             The game lasted 00:53:39 (16235 turns).

Moloch the Arsonist (Octopode Wizard)              Turns: 16235, Time: 00:53:40

Health: -10/61     AC:  7    Str:  7    XL:     11   Next: 64%
Magic:  29/33      EV: 12    Int: 26    God:    Vehumet [****..]
Gold:   511        SH:  0    Dex: 11    Spells: 8 memorised, 11 levels left

rFire  . . .     SeeInvis .     S - +10 long sword of Rugiurph {venom, Stlth+}
rCold  . . .     Gourm    .     (no shield)
rNeg   . . .     Faith    .     a - +1 hat
rPois  .         Spirit   .     (no amulet)
rElec  .         Dismiss  .     f - ring of flight
rCorr  .         Reflect  .     E - +3 ring of intelligence
SustAt .         Harm     .     d - ring of stealth
MR     +....                    M - +5 ring of protection
Stlth  +++++.....               w - ring of protection from magic
                                R - ring of magical power
                                (no ring)
                                (no ring)

@: somewhat resistant to hostile enchantments, quite stealthy
A: almost no armour, amphibious, 8 rings, constrict 8, antennae 1, camouflage 1,
gelatinous body 1
a: Renounce Religion, Evoke Flight


You were on level 1 of the Lair of Beasts.
You worshipped Vehumet.
Vehumet was greatly pleased with you.
You were hungry.

You visited 3 branches of the dungeon, and saw 12 of its levels.
You also visited: Sewer and Ice Cave.

You collected 511 gold pieces.

Inventory:

Hand Weapons
 m - a +0 hunting sling
 s - a +0 spear of freezing
 S - the +10 long sword of Rugiurph (weapon) {venom, Stlth+}
   (You found it on level 10 of the Dungeon)

   It poisons the flesh of those it strikes.
   It makes you more stealthy.
Missiles
 h - 39 poisoned needles
 k - 334 stones (quivered)
 G - 20 sling bullets
 K - a throwing net
 P - 7 needles of frenzy
Armour
 a - a +1 hat (worn)
Jewellery
 d - a ring of stealth (on tentacle)
 f - a ring of flight (left tentacle)
 i - an uncursed ring of ice
 u - an uncursed ring of fire
 w - a ring of protection from magic (on tentacle)
 E - a +3 ring of intelligence (right tentacle)
 J - an uncursed ring of fire
 M - a +5 ring of protection (on tentacle)
 R - a ring of magical power (on tentacle)
Wands
 e - a wand of digging (13/24)
 o - a wand of acid (1/15)
 q - a wand of slowing (14/48)
 y - a wand of polymorph (10/24)
 H - a wand of polymorph (11/24)
 O - a wand of acid (7/15)
 Q - a wand of polymorph (13/24)
Scrolls
 g - 5 scrolls of teleportation
 l - 4 scrolls of identify
 x - a scroll of blinking
 B - 3 scrolls of fog
 D - a scroll of recharging
 V - a scroll of amnesia {unknown}
Potions
 j - 3 potions of heal wounds
 n - 2 potions of berserk rage
 t - 2 potions of curing
 z - a potion of lignification
 A - a potion of magic
 C - 4 potions of flight
 F - 3 potions of cure mutation
 I - a potion of agility
 T - a potion of beneficial mutation {unknown}
 U - 3 potions of might {unknown}
Books
 b - a book of Minor Magic

   Spells                             Type                      Level
   a - Magic Dart                     Conjuration                  1
   b - Blink                          Translocation                2
   c - Call Imp                       Summoning                    2
   d - Repel Missiles                 Charms/Air                   2
   e - Slow                           Hexes                        2
   f - Conjure Flame                  Conjuration/Fire             3
   g - Mephitic Cloud                 Conjuration/Poison/Air       3
 N - a book of Beasts

   Spells                             Type                      Level
   a - Summon Butterflies             Summoning                    1
   b - Call Canine Familiar           Summoning                    3
   c - Summon Ice Beast               Ice/Summoning                4
   d - Summon Mana Viper              Hexes/Summoning              5
   e - Summon Hydra                   Summoning                    7
Comestibles
 c - 6 bread rations
 p - 3 royal jellies
 r - 6 meat rations
 v - a slice of pizza


   Skills:
 - Level 2.0 Dodging
 - Level 2.6 Stealth
 + Level 9.7 Spellcasting
 + Level 10.3 Conjurations
 - Level 1.0 Summonings
 - Level 1.0 Translocations
 * Level 10.9 Fire Magic


You had 11 spell levels left.
You knew the following spells:

 Your Spells              Type           Power        Failure   Level  Hunger
a - Magic Dart            Conj           ####         1%          1    None
b - Blink                 Tloc           N/A          6%          2    None
c - Call Imp              Summ           ###.....     6%          2    None
d - Conjure Flame         Conj/Fire      ######..     1%          3    None
e - Mephitic Cloud        Conj/Pois/Air  ####....     1%          3    None
f - Slow                  Hex            ##......     10%         2    None
g - Flame Tongue          Conj/Fire      #####        1%          1    None
h - Force Lance           Conj/Tloc      #####...     1%          4    None


Dungeon Overview and Level Annotations

Branches:
Dungeon (10/15)            Temple (1/1) D:4            Lair (1/8) D:9
    Orc: D:9-12

Altars:
Ashenzari
Dithmenos
Fedhas
Gozag
Kikubaaqudgha
Makhleb
Nemelex Xobeh
Pakellas
Ru
Trog
Vehumet
Xom
Zin
The Shining One

Shops:
D:10 [

Annotations:
D:7 2 exclusions
Lair:1 Gastronok


Innate Abilities, Weirdness & Mutations

You cannot wear most types of armour.
You are amphibious.
You can wear up to eight rings at the same time.
You can use your tentacles to constrict eight enemies at once.
Your skin changes colour to match your surroundings (Stealth).
Your rubbery body absorbs attacks (AC +1).
You have a pair of small antennae on your head.


Message History

3 yaks and a hippogriff come into view.
The yak bellows!
A yak comes into view.
The yak moves out of view.
The hippogriff moves out of view.
Casting: Flame Tongue
Confirm with . or Enter, or press ? or * to list all spells.
You blink.
The yak gores you!
Casting: Blink
Confirm with . or Enter, or press ? or * to list all spells.
You blink.
The yak bellows! x6
The river rat misses you. The river rat closely misses you.
The river rat bites you. x2
Casting: Blink
Confirm with . or Enter, or press ? or * to list all spells.
You blink.
The yak gores you! x2
* * * LOW HITPOINT WARNING * * *
The yak gores you!
You die...

##* ### #### ### *#.## #.###..##
#.##**
*****,#ยง###..###..###..#,*
**,**,*#.Y##r......##...#*,
******,,,,*##..rrr.........#.##*
*,*,,,**..##...r.r...##....#..##
**,,,,*,..:....Yrr..............
*,,,,*,,......Y@Y...............
*,,,*,,.....Y.YYY..##...........
**,,,,,,....>.Y....#...#...#....P
*,**,**,..........#...#.........w
,**,,,*,,.......$H...............
*,*,,,,,,.................[......
,**,,,,,,#........#.#............
,,,,,,,,,.........###............
**,,,,,,,,,,,,,,,,,,,,,,,,,,,....


You could see 9 yaks, a hippogriff and 8 river rats.

Vanquished Creatures
  Pikel (D:5)
  Duvessa (D:5)
  3 komodo dragons
  A rime drake (Lair:1)
  6 polar bears (IceCv)
  16 yaks
  Grum (Lair:1)
  3 hippogriffs
  A hungry ghost (D:7)
  Edmund (D:5)
  A porcupine (D:9)
  A water moccasin (D:6)
  A wasp (D:9)
  3 orc warriors
  2 sky beasts
  3 ice beasts
  A necrophage (D:8)
  3 ogres
  A phantom (D:8)
  A black bear (D:8)
  4 centaurs
  5 wolves
  2 big kobolds
  3 crocodiles
  5 giant frogs
  A gnoll sergeant (D:8)
  A water moccasin zombie (D:8)
  Dowan (D:5)
  3 scorpions
  A wight (D:8)
  2 killer bees (D:9)
  5 howler monkeys
  A crimson imp (D:7)
  A giant frog zombie (D:7)
  An orc priest (D:8)
  A hound (D:7)
  3 jellies
  3 giant frog skeletons
  5 iguanas
  8 orc wizards
  8 worker ants
  A hound zombie (D:5)
  2 howler monkey zombies (D:6)
  13 adders
  7 gnolls
  17 river rats
  2 shadow imps
  12 white imps (Lair:1)
  7 oozes
  6 worms
  4 dart slugs
  4 giant geckos
  22 orcs
  14 giant cockroaches
  6 goblins
  7 hobgoblins
  18 jackals
  5 quokkas
  5 ball pythons
  10 bats
  6 giant newts
  A jackal skeleton (D:8)
  12 kobolds
  4 rats
300 creatures vanquished.

Vanquished Creatures (collateral kills)
  A killer bee (D:9)
1 creature vanquished.

Vanquished Creatures (others)
  Eustachio (D:5)
  4 slaves (D:5)
5 creatures vanquished.

Grand Total: 306 creatures vanquished

Notes
Turn   | Place    | Note
--------------------------------------------------------------
     0 | D:1      | Moloch the Octopode Wizard began the quest for the Orb.
     0 | D:1      | Reached XP level 1. HP: 11/11 MP: 4/4
     1 | D:1      | Found a runed door.
   168 | D:1      | Reached XP level 2. HP: 9/17 MP: 0/6
  1048 | D:1      | Reached XP level 3. HP: 8/21 MP: 0/8
  1547 | D:1      | Learned a level 2 spell: Blink
  1550 | D:1      | Learned a level 2 spell: Call Imp
  1554 | D:1      | Learned a level 3 spell: Conjure Flame
  1909 | D:1      | Reached XP level 4. HP: 15/27 MP: 1/10
  2213 | D:1      | Learned a level 3 spell: Mephitic Cloud
  2739 | D:2      | Reached XP level 5. HP: 31/31 MP: 3/11
  3169 | D:2      | Found a bloodstained altar of Trog.
  3175 | D:2      | Found a shattered altar of Ashenzari.
  3466 | D:2      | Found a shadowy altar of Dithmenos.
  3619 | D:3      | Found an opulent altar of Gozag.
  3666 | D:3      | Noticed an orc warrior
  4403 | D:3      | Reached XP level 6. HP: 36/36 MP: 2/12
  4558 | D:3      | Killed an orc warrior
  4868 | D:4      | Reached skill level 5 in Conjurations
  4899 | D:4      | Found a staircase to the Ecumenical Temple.
  4949 | Temple   | Entered the Ecumenical Temple
  4957 | Temple   | Became a worshipper of Vehumet
  5017 | D:4      | Reached skill level 5 in Spellcasting
  5017 | D:4      | Reached XP level 7. HP: 41/41 MP: 3/14
  5831 | D:5      | Entered Level 5 of the Dungeon
  6031 | D:5      | Found a glowing golden altar of the Shining One.
  6336 | D:5      | Noticed Pikel
  6349 | D:5      | HP: 2/41 [Pikel/whip of electrocution (5)]
  6350 | D:5      | Killed Pikel
  6350 | D:5      | Reached XP level 8. HP: 2/46 MP: 1/17
  6720 | D:5      | Found a blossoming altar of Fedhas.
  6791 | D:5      | Noticed Dowan
  6796 | D:5      | Noticed Duvessa
  6809 | D:5      | Killed Dowan
  6893 | D:5      | Noticed Edmund
  6896 | D:5      | Noticed Eustachio
  6997 | D:5      | Learned a level 2 spell: Slow
  7048 | D:5      | Killed Eustachio
  7179 | D:5      | Killed a freed slave
  7279 | D:5      | Killed Duvessa
  7516 | D:5      | Killed Edmund
  7691 | D:6      | Found a glowing drain.
  7702 | D:6      | Reached XP level 9. HP: 49/51 MP: 11/19
  7772 | Sewer    | Entered a sewer
  7796 | Sewer    | Reached * piety under Vehumet
  7796 | Sewer    | Offered knowledge of Freeze by Vehumet.
  8809 | D:7      | Found an oddly glowing altar of Pakellas.
  9148 | D:7      | Reached skill level 5 in Fire Magic
 10042 | D:8      | Reached ** piety under Vehumet
 10042 | D:8      | Offered knowledge of Flame Tongue by Vehumet.
 10096 | D:8      | Learned a level 1 spell: Flame Tongue
 11020 | D:8      | Found a sacrificial altar of Ru.
 11048 | D:8      | Found a shimmering altar of Xom.
 11068 | D:8      | Reached XP level 10. HP: 56/56 MP: 16/21
 11911 | D:9      | Offered knowledge of Inner Flame by Vehumet.
 12085 | D:9      | Found a staircase to the Lair.
 12443 | D:9      | Reached *** piety under Vehumet
 13027 | D:10     | Entered Level 10 of the Dungeon
 13256 | D:10     | Found Legimust's Antique Armour Shop.
 13303 | D:10     | Got a fine long sword
 13304 | D:10     | Identified the +10 long sword of Rugiurph {venom, Stlth+} (You found it on level 10 of the Dungeon)
 13382 | D:10     | Offered knowledge of Force Lance by Vehumet.
 13388 | D:10     | Learned a level 4 spell: Force Lance
 14040 | D:10     | Gained mutation: You have a pair of small antennae on your head. [mutagenic meat]
 14237 | D:10     | Reached XP level 11. HP: 54/61 MP: 19/23
 14520 | D:10     | Reached skill level 10 in Fire Magic
 14610 | Lair:1   | Entered Level 1 of the Lair of Beasts
 14610 | Lair:1   | Noticed Grum
 14651 | Lair:1   | Found a frozen archway.
 14680 | Lair:1   | Reached **** piety under Vehumet
 14778 | Lair:1   | Offered knowledge of Dazzling Spray by Vehumet.
 14871 | IceCv    | Entered an ice cave
 14898 | IceCv    | Reached skill level 10 in Conjurations
 15691 | IceCv    | Noticed a frost giant
 15985 | Lair:1   | Killed Grum
 15987 | Lair:1   | Noticed Gastronok
 16235 | Lair:1   | Mangled by a yak

Vault maps used:
D:1:      dpeg_arrival_caged_fury, solitary_fountain
D:2:      lemuel_coloured_pillars_altar, amethyst_overflow_temple_binary,
          first_bread
D:3:      nicolae_gozag_cash_rules_everything_around_me, solitary_fountain
D:4:      minmay_door_path, temple_statues
D:5:      nicolae_overflow_hidden_temple, kennysheep_mini_moat, uniq_eustachio,
          uniq_edmund, uniq_duvessa, uniq_pikel
D:6:      portal_sewer_entry_b, minmay_misc_feat_encased
D:7:      nicolae_whirlpool, nicolae_overflow_crystal_walls
D:8:      lemuel_doored_altar, old_standard_altar
D:9:      dpeg_lair_monsters
D:10:     serial_shops, shop
Temple:   triangle_lava_temple_11
Lair:1:   portal_ice_cave_entry_imps, disabler_island,
          infiniplex_staircase_pool, uniq_gastronok, uniq_grum
Sewer:    sewer_big_baddie
IceCv:    ice_cave_small_giant

Skill      XL: |  1  2  3  4  5  6  7  8  9 10 11 |
---------------+----------------------------------+-----
Conjurations   | 2 3 4 5 7 8 9 10 | 10.3
Spellcasting   | 4 5 6 7 8 9 |  9.7
Fire Magic     | 2 7 9 10 | 10.9
Dodging        | |  2.0
Stealth        | |  2.6
Summonings     | |  1.0
Translocations | |  1.0

Action                   |  1- 3 |  4- 6 |  7- 9 | 10-12 || total
-------------------------+-------+-------+-------+-------++-------
Melee: Unarmed           |     8 |       |       |       ||     8
       Club              |    10 |       |       |       ||    10
       Constrict         |     6 |       |       |    14 ||    20
       Hunting sling     |     6 |       |    10 |       ||    16
       Tentacles         |     3 |       |       |    11 ||    14
       Long sword        |       |       |       |    78 ||    78
       Whip              |       |       |       |    10 ||    10
 Fire: Hunting sling     |    43 |    37 |   121 |     7 ||   208
 Cast: Magic Dart        |    70 |   169 |   276 |    33 ||   548
       Mephitic Cloud    |       |    10 |    30 |    50 ||    90
       Conjure Flame     |       |     2 |    18 |    19 ||    39
       Flame Tongue      |       |       |    34 |   293 ||   327
       Blink             |       |       |     1 |     7 ||     8
       Force Lance       |       |       |       |     1 ||     1
Evoke: Wand              |       |       |     5 |       ||     5
  Use: Potion            |     3 |       |     4 |     1 ||     8
       Scroll            |     2 |     2 |    11 |     6 ||    21
 Stab: Sleeping          |     2 |       |       |     1 ||     3
       Confused          |       |       |     1 |     2 ||     3
  Eat: Chunk             |     3 |    11 |    15 |    17 ||    46
       Beef jerky        |       |       |     2 |       ||     2
Armor: Skin              |     7 |     2 |     8 |    46 ||    63
Dodge: Dodged            |    74 |    17 |    29 |    85 ||   205
